 Dungeon Crawl Stone Soup version 0.25.1-8-g42b30a86e7 (webtiles) character file.

Game seed: 392919819464349163

220 execc the Cudgeler (level 5, -11/55 HPs)
             Began as an Octopode Berserker on Dec 4, 2020.
             Was a Priest of Trog.
             Mangled by a mummy (18 damage)
             ... in an ossuary.
             The game lasted 00:02:17 (2428 turns).

execc the Cudgeler (Octopode Berserker)             Turns: 2428, Time: 00:02:17

Health: -11/55     AC:  1    Str: 17    XL:     5   Next: 97%
Magic:  5/5        EV: 14    Int: 10    God:    Trog [***...]
Gold:   81         SH:  0    Dex: 11    Spells: 4/4 levels left

rFire    . . .     SeeInvis .   a - +0 mace
rCold    . . .     Gourm    .   (no shield)
rNeg     . . .     Faith    .   (helmet restricted)
rPois    .         Spirit   .   e - amulet of magic regeneration
rElec    .         Reflect  .   (no ring)
rCorr    .         Harm     .   (no ring)
MR       .....                  (no ring)
Stlth    ..........             (no ring)
HPRegen  0.18/turn              (no ring)
MPRegen  0.34/turn              (no ring)
                                (no ring)
                                (no ring)

@: berserking, very quick
A: almost no armour, stealthy swim, amphibious, 8 rings, constrict 8, camouflage
1, gelatinous body 1
a: Berserk, Trog's Hand, Renounce Religion


You were in an ossuary.
You worshipped Trog.
Trog was most pleased with you.
You were near starving.

You visited 1 branch of the dungeon, and saw 3 of its levels.
You also visited: Ossuary.

You collected 81 gold pieces.

Inventory:

Hand Weapons
 a - a +0 mace (weapon)
Jewellery
 e - an amulet of magic regeneration (around mantle)
Scrolls
 d - a scroll of enchant armour {unknown}
 f - a scroll of enchant weapon {unknown}
 g - a scroll of teleportation {unknown}
 h - 3 scrolls of identify {unknown}
 i - a scroll of amnesia {unknown}
 k - a scroll of remove curse {unknown}
Potions
 c - 2 potions of curing {unknown}
 j - a potion of mutation {unknown}
 l - a potion of haste {unknown}
Comestibles
 b - 4 rations


   Skills:
 + Level 4.0 Fighting
 * Level 5.0 Maces & Flails
 + Level 4.1 Dodging


You had 4 spell levels left.
You didn't know any spells.
Your spell library was empty.

Dungeon Overview and Level Annotations

Branches:
Dungeon (4/15)            Ossuary (1/1)
 Temple: D:4-7

Altars:
Cheibriados
Elyvilon

Annotations:
D:2 Terence


Innate Abilities, Weirdness & Mutations

You cannot wear most types of armour.
You are very stealthy in the water. (Stealth+)
You are amphibious.
You can wear up to eight rings at the same time.
You can use your tentacles to constrict eight enemies at once.
Your skin changes colour to match your surroundings (Stealth+).
Your rubbery body absorbs attacks. (AC +1, EV +1)


Message History

Unknown command.
You completely miss the mummy. You grab the mummy. You constrict the mummy.
The hobgoblin zombie hits you. The mummy hits you!
* * * LOW HITPOINT WARNING * * *
The orc zombie hits you.
* * * LOW HITPOINT WARNING * * *
The kobold zombie hits you.
* * * LOW HITPOINT WARNING * * *
A red film seems to cover your vision as you go berserk!
You feel yourself moving faster!
You feel mighty!
You are near starving!
You constrict the mummy. The hobgoblin zombie hits you.
* * * LOW HITPOINT WARNING * * *
You thump the mummy!
The mummy is heavily damaged.
You constrict the mummy, but do no damage.
The orc zombie barely misses you. The kobold zombie hits you.
* * * LOW HITPOINT WARNING * * *
The hobgoblin zombie misses you. The mummy hits you!!
You die...

#....#
#....#
#....#
#....#
#....#
#....#
#..Z.#
#.ZMZ#
#.Z@.#
######


You could see a mummy, a hobgoblin zombie, 2 kobold zombies and an orc zombie.

Vanquished Creatures
  An ogre (D:4)
  A mummy (Ossuary)
  Robin (D:2)
  3 adders
  A howler monkey skeleton (D:4)
  An ooze (D:2)
  A dart slug (D:1)
  3 leopard geckos
  An orc (D:4)
  6 bats
  5 giant cockroaches
  2 gnoll zombies (Ossuary)
  9 goblins
  10 hobgoblins
  4 jackals (D:1)
  4 kobolds (D:1)
  3 frilled lizards
  2 hobgoblin zombies (Ossuary)
  An orc zombie (D:4)
  2 rats (D:1)
61 creatures vanquished.

Notes
Turn   | Place    | Note
-------+----------+-------------------------------------------
     0 | D:1      | execc the Octopode Berserker began the quest for the Orb.
     0 | D:1      | Reached XP level 1. HP: 16/16 MP: 1/1
    74 | D:1      | Reached XP level 2. HP: 14/21 MP: 2/2
   576 | D:1      | Reached ** piety under Trog
   579 | D:1      | Reached XP level 3. HP: 24/26 MP: 3/3
   957 | D:2      | Noticed Robin
  1272 | D:2      | Killed Robin
  1272 | D:2      | Reached skill level 4 in Maces & Flails
  1272 | D:2      | Reached XP level 4. HP: 20/31 MP: 4/4
  1876 | D:2      | Noticed Terence
  1877 | D:2      | Found a white marble altar of Elyvilon.
  1881 | D:2      | You fall into a shaft and drop 2 floors!
  2054 | D:4      | Found a snail-covered altar of Cheibriados.
  2060 | D:4      | Noticed an ogre
  2071 | D:4      | Killed an ogre
  2071 | D:4      | Reached XP level 5. HP: 8/37 MP: 5/5
  2381 | D:4      | Found a sand-covered staircase.
  2388 | Ossuary  | Entered an ossuary
  2420 | Ossuary  | Reached *** piety under Trog
  2425 | Ossuary  | Reached skill level 5 in Maces & Flails
  2428 | Ossuary  | Mangled by a mummy

Illustrated notes

Levels and vault maps discovered:
D:1:      dpeg_arrival_oval, layout_basic
D:2:      layout_loops_ring, gammafunk_temple_overflow_statue,
          chequers_ecumenical_altar_simple_redux, elyvilon_altar_5, uniq_robin,
          uniq_terence, uniq_jessica
D:4:      layout_loops_ring, cheibriados_altar_1, tso_metal_star,
          enter_ossuary_3, chequers_serial_rivers_micro_a
Ossuary:  ossuary_tomb_3

Skill      XL: |  1  2  3  4  5 |
---------------+----------------+-----
Maces & Flails | 4 5 |  5.0
Fighting       | 4 |  4.0
Dodging        | 4 |  4.1

Action                   |  1- 3 |  4- 6 || total
-------------------------+-------+-------++-------
Melee: Mace              |    72 |    50 ||   122
       Constrict         |    20 |    15 ||    35
       Tentacles         |    11 |    11 ||    22
Invok: Berserk           |     2 |     2 ||     4
 Stab: Sleeping          |     1 |     3 ||     4
  Eat: Chunk             |     3 |     4 ||     7
Armor: Skin              |     7 |     3 ||    10
Dodge: Dodged            |    64 |    26 ||    90
